Map: Blackburn LE

Players

Buizerd

  • Race: Terran Terran
  • League: Platinum

Massa - Winner!

  • Race: Terran Terran
  • League: Platinum

VOD

Have the link to the VOD?

Description

Time

  • Played on: April 29, 2021, 3:46 p.m.
  • Length: 13:37
Show
View Real Time Build Order
Export as new Build Order

Buizerd Terran 

Build Orders: 1/1/1 

Get SALT Encoding   

  12  0:00  SCV  
  13  0:12  SCV  
  14  0:17  Supply Depot  
  14  0:24  SCV  
  15  0:38  SCV  
  15  0:41  Barracks  
  16  0:45  Refinery  
  16  0:50  SCV  
  16  0:56  Refinery  
  17  1:02  SCV  
  18  1:15  SCV  
  19  1:30  Marine  
  20  1:33  Orbital Command  
  20  1:35  Factory  
  20  1:45  Supply Depot  
  20  1:49  Barracks Reactor  
  20  1:59  SCV  
  21  2:11  SCV  
  22  2:15  Supply Depot  
  22  2:20  Starport  
  22  2:21  Factory Tech Lab  
  22  2:25  Marine  
  22  2:27  Marine  
  24  2:31  SCV  
  25  2:41  Siege Tank  
  25  2:43  SCV  
  29  2:45  Marine  
  29  2:47  Marine  
  31  2:55  SCV  
  32  2:58  Supply Depot  
  29  3:18  Marine x2  
  30  3:25  Medivac  
  32  3:36  Marine x2  
  32  3:41  Cyclone  
  37  3:54  Marine x2  
  37  3:55  Viking  
  41  4:11  Marine  
  41  4:12  Command Center  
  42  4:38  SCV  
  42  4:43  Marine x2  
  45  4:47  Raven  
  45  4:50  Factory Reactor  
  47  5:12  Supply Depot  
  47  5:14  Supply Depot  
  47  5:23  SCV, Marine x2  
  47  5:26  Command Center  
  50  5:35  SCV  
  48  5:51  Marine  
  48  5:52  Marine  
  48  5:54  Viking  
  52  5:59  SCV  
  53  6:06  Widow Mine x2  
  53  6:09  Marine x2  
  58  6:12  SCV  
  59  6:24  Viking  
  61  6:27  Orbital Command, Marine  
  61  6:28  SCV  
  63  6:40  SCV, Orbital Command  
  64  6:48  Barracks  
  64  7:00  SCV x2  
  66  7:05  Engineering Bay  
  66  7:06  Marine  
  67  7:12  SCV  
  68  7:57  SCV x3  
  71  7:58  Marine  
  71  7:59  Marine  
  73  8:09  Barracks Reactor, SCV, Barracks  
  73  8:10  Terran Infantry Weapons Level 1  
  73  8:12  Engineering Bay  
  74  8:15  SCV x2, Armory  
  74  8:17  Siege Tank  
  74  8:18  Medivac x2  
  83  8:21  SCV  
  84  8:27  SCV  
  85  8:39  Marine  
  85  8:40  Marine  
  87  8:43  Terran Infantry Armor Level 1  
  87  8:46  Marine  
  87  8:47  Marine  
  89  8:48  Missile Turret  
  81  9:26  Barracks Tech Lab  
  81  9:28  Terran Vehicle Weapons Level 1  
  76  10:05  SCV x2  
  76  10:13  Medivac  
  76  10:14  Medivac  
  79  10:16  Barracks  
  79  10:17  Barracks x2, Siege Tank  
  79  10:19  Stimpack  
  79  10:20  Orbital Command, Marine x2  
  79  10:21  Marine  
  85  10:24  Barracks  
  85  10:26  Marine x2  
  85  10:27  SCV  
  88  10:29  Refinery  
  88  10:31  Refinery  
  88  10:39  Marine  
  86  11:00  SCV x2  
  86  11:01  SCV  
  87  11:07  Terran Infantry Armor Level 2, Terran Infantry Weapons Level 2, Siege Tank  
  87  11:10  Marine x2  
  93  11:14  Barracks Reactor  
  93  11:17  Barracks Tech Lab  
  92  11:26  SCV  
  92  11:27  Armory  
  92  11:31  Refinery  
  92  11:32  Refinery, SCV  
  93  11:33  SCV, Supply Depot  
  93  11:35  Supply Depot  
  93  11:36  Supply Depot x2  
  89  11:51  SCV x3  
  92  11:59  Supply Depot, Combat Shield  
  92  12:00  Supply Depot  
  92  12:02  Supply Depot  
  92  12:03  SCV x3  
  92  12:04  Marine  
  92  12:05  Marine x6  
  92  12:06  Concussive Shells  
  92  12:08  Barracks Reactor x2  
  102  12:12  Supply Depot  
  102  12:15  SCV  
  103  12:17  Factory  
  103  12:22  Marine x7  
  104  12:26  Missile Turret, Siege Tank  
  104  12:28  SCV x2  
  115  12:40  Marine x5  
  120  12:49  Medivac x2  
  124  12:59  Siege Tank  
  124  13:02  Marauder, Marine x2  
  124  13:03  Marine x4  
  135  13:09  Marine  
  135  13:10  Marine x4  
  140  13:15  SCV x2  
Show
View Real Time Build Order
Export as new Build Order

Massa Terran - Winner!

Build Orders:  

Get SALT Encoding   

  12  0:00  SCV  
  13  0:12  SCV  
  14  0:17  Supply Depot  
  14  0:24  SCV  
  15  0:28  Refinery  
  15  0:39  SCV  
  16  0:46  Barracks  
  16  0:51  SCV  
  17  1:05  Barracks  
  17  1:09  SCV  
  18  1:21  SCV  
  19  1:33  Reaper  
  19  1:35  Supply Depot  
  20  1:40  Orbital Command  
  20  1:52  Reaper  
  21  2:05  Reaper  
  22  2:12  SCV  
  23  2:23  Command Center  
  23  2:33  Factory  
  23  2:52  SCV  
  23  2:53  Barracks Reactor  
  23  2:55  Refinery  
  24  3:04  SCV  
  23  3:26  Hellion  
  24  3:27  Barracks Tech Lab  
  24  3:30  SCV  
  24  3:32  Marine  
  24  3:33  Marine  
  27  3:42  SCV  
  27  3:43  Supply Depot  
  28  3:50  Marine x2  
  28  3:53  Factory Tech Lab  
  28  3:54  SCV  
  31  3:57  Starport  
  31  4:02  Orbital Command  
  31  4:06  SCV, Supply Depot  
  31  4:08  Marine x2  
  31  4:09  Engineering Bay  
  34  4:17  Refinery  
  34  4:19  SCV  
  34  4:31  SCV  
  35  4:38  Starport  
  35  4:54  Terran Infantry Weapons Level 1  
  35  4:59  SCV  
  36  5:05  Marine, Command Center  
  37  5:11  Factory Tech Lab  
  37  5:12  SCV  
  37  5:13  Barracks  
  38  5:23  Marine  
  38  5:24  SCV, Supply Depot  
  38  5:28  Starport Tech Lab  
  40  5:30  Siege Tank  
  43  5:36  SCV  
  43  5:40  Marine  
  38  5:48  SCV  
  35  5:58  Marine  
  33  6:05  Raven  
  30  6:24  Barracks Reactor  
  30  6:27  Barracks Tech Lab  
  30  6:28  Siege Tank  
  30  6:29  SCV x2  
  34  6:41  SCV x2  
  36  6:50  Planetary Fortress  
  36  6:53  SCV x2  
  38  7:01  Terran Infantry Armor Level 1, Barracks  
  38  7:02  Marine x2  
  38  7:03  Barracks  
  38  7:04  Stimpack  
  38  7:05  SCV x2, Barracks  
  42  7:09  Widow Mine  
  42  7:11  Marauder  
  45  7:17  SCV  
  45  7:18  SCV  
  45  7:20  Marine x2  
  49  7:27  Refinery  
  49  7:29  Missile Turret  
  50  7:30  SCV  
  50  7:32  Marauder  
  52  7:38  SCV, Missile Turret  
  52  7:39  SCV  
  52  7:42  SCV  
  55  7:51  SCV x2  
  56  7:53  Barracks Tech Lab  
  56  7:54  Barracks Reactor  
  56  7:56  Barracks Tech Lab  
  56  8:02  Armory  
  56  8:03  Engineering Bay  
  56  8:05  Marine  
  56  8:06  Marine  
  56  8:11  Siege Tank  
  61  8:17  Supply Depot  
  61  8:23  Combat Shield  
  61  8:26  Concussive Shells  
  61  8:38  Marine x2  
  61  8:39  SCV x2  
  69  8:43  Marauder  
  69  8:44  Reaper  
  69  8:45  Reaper  
  69  8:50  Supply Depot  
  69  8:53  Supply Depot  
  69  8:55  Supply Depot  
  69  9:12  Reaper x2, Medivac  
  69  9:42  Raven  
  70  9:49  SCV  
  70  9:50  SCV  
  70  9:51  SCV  
  68  10:02  SCV  
  68  10:03  SCV x2  
  70  10:14  SCV  
  71  10:15  SCV x2  
  71  10:19  Terran Infantry Armor Level 2, Terran Infantry Weapons Level 2  
  71  10:21  Marauder, Terran Vehicle And Ship Armor Level 1  
  75  10:22  Marauder x2, Marine x4  
  75  10:25  Medivac  
  75  10:26  SCV  
  86  10:34  SCV x2  
  88  10:39  Marine  
  88  10:40  Marine  
  92  10:43  Marauder  
  92  10:48  Marauder  
  93  11:13  Corvid Reactor, Supply Depot x3  
  93  11:15  SCV, Marauder x2, Siege Tank, Supply Depot x3  
  93  11:16  Supply Depot  
  93  11:17  Supply Depot  
  101  11:34  SCV x3, Marine  
  101  11:35  Marauder  
  101  11:36  Marauder x2  
  111  11:46  Supply Depot  
  111  11:47  SCV x2, Siege Tank  
  113  11:56  Marauder  
  113  11:58  Raven  
  117  12:09  Refinery x2  
  117  12:13  Starport  
  117  12:17  Factory  
  117  12:21  Command Center  
  117  12:22  Sensor Tower  
  117  12:26  Marauder x3, Marine x4  
  127  12:33  SCV x3  
  130  12:42  Missile Turret  
  133  12:45  SCV, Raven  
  133  12:47  Marauder x3  
Tags
 
Matchup
TvT
Opening
1/1/1
Race
Terran
Replay Pack
Multiplayer
Add a new tag
Caveats
  • Supply blocks, unpowered buildings, or Contaminate may cause inaccurate times.
  • Supply counts are checked every 10 seconds.